 Dungeon Crawl Stone Soup version 0.20.1-1-g8b1a95d (console) character file.

87059 vuolankoinen the Covert (level 15, -8/154 HPs)
             Began as an Octopode Enchanter on Nov 25, 2017.
             Was the Champion of Dithmenos.
             Mangled by a faun
             ... wielding a +0 quarterstaff
              (26 damage)
             ... on level 3 of the Shoals on Nov 26, 2017.
             The game lasted 03:11:25 (24968 turns).

vuolankoinen the Covert (Octopode Enchanter)       Turns: 24968, Time: 03:11:26

Health: -8/154     AC:  1    Str: 20    XL:     15   Next: 89%
Magic:  29/40      EV: 14    Int: 23    God:    Dithmenos [******]
Gold:   1259       SH: 12    Dex: 14    Spells: 11/38 levels left

rFire    + . .     SeeInvis +   X - +11 dagger {pierce, *Drain rElec MP+9 Int+4}
rCold    + + .     Gourm    .   n - +0 shield
rNeg     . . .     Faith    .   (helmet restricted)
rPois    +         Spirit   .   l - amulet of regeneration
rElec    +         Reflect  .   v - ring of wizardry
rCorr    .         Harm     .   Z - ring of see invisible
MR       +....                  G - ring of stealth
Stlth    ..........             I - ring of Mumu Ruq {rPois Str+4}
Regen    0.8/turn               Y - ring of protection from fire
MPRegen  0.3/turn               A - ring of protection from cold
                                b - ring of protection from cold
                                p - ring of stealth

@: berserking, slowed, wreathed by umbra
A: almost no armour, stealthy swim, amphibious, 8 rings, constrict 8, camouflage
1, gelatinous body 1
a: Shadow Step, Shadow Form, Renounce Religion


You were on level 3 of the Shoals.
You worshipped Dithmenos.
Dithmenos was exalted by your worship.
You were not hungry.

You visited 6 branches of the dungeon, and saw 27 of its levels.
You also visited: Labyrinth.

You collected 1491 gold pieces.
You spent 232 gold pieces at shops.

Inventory:

Hand Weapons
 X - the +11 dagger of Gin and Tonic (weapon) {pierce, *Drain rElec MP+9 Int+4}
   (You found it on level 13 of the Dungeon)

   It inflicts extra damage upon your enemies.
   It affects your intelligence (+4).
   It insulates you from electricity.
   It affects your magic capacity (+9).
   It causes draining when unequipped.
Missiles
 Q - 3 throwing nets (quivered)
Armour
 n - a +0 shield (worn)
Jewellery
 b - a ring of protection from cold (on tentacle)
 l - an amulet of regeneration (around mantle)
 p - a ring of stealth (on tentacle)
 u - an uncursed ring of fire
 v - a ring of wizardry (left tentacle)
 A - a ring of protection from cold (on tentacle)
 D - an uncursed ring of fire
 G - a ring of stealth (on tentacle)
 I - the ring of Mumu Ruq (on tentacle) {rPois Str+4}
   (You found it in a labyrinth)

   [ring of strength]

   It affects your strength (+4).
   It protects you from poison.
 L - an uncursed ring of ice
 P - an uncursed ring of protection from cold
 S - an uncursed ring of resist corrosion
 Y - a ring of protection from fire (on tentacle)
 Z - a ring of see invisible (right tentacle)
Wands
 h - a wand of disintegration (18/24)
 C - a wand of polymorph (8/24)
 J - a wand of digging (15/24)
 O - a wand of iceblast (7/15)
 V - a wand of digging (9/24)
Scrolls
 d - 11 scrolls of teleportation
 e - 11 scrolls of remove curse
 f - a scroll of amnesia
 k - 5 scrolls of recharging
 q - 5 scrolls of magic mapping
 s - 4 scrolls of fog {unknown}
 y - 6 scrolls of vulnerability
 H - 2 scrolls of torment {unknown}
 R - a scroll of enchant weapon
 T - a scroll of enchant armour {unknown}
 W - 3 scrolls of fear
Potions
 a - 2 potions of lignification
 j - a potion of haste
 m - 4 potions of resistance
 r - 2 potions of curing
 x - 2 potions of invisibility
 z - 6 potions of magic
 E - a potion of agility
 F - 2 potions of might
 K - 3 potions of cancellation
 N - a potion of brilliance
Books
 w - a book of Alchemy

   Spells                             Type                      Level
   a - Sublimation of Blood           Necromancy                   2
   b - Ignite Poison                  Fire/Transmutation/Poison    3
   c - Petrify                        Transmutation/Earth          4
   d - Alistair's Intoxication        Transmutation/Poison         5
   e - Irradiate                      Conjuration/Transmutation    5
Miscellaneous
 g - a phial of floods
 t - a fan of gales
Comestibles
 c - 11 bread rations
 i - 7 meat rations
 B - 7 fruits
 M - 20 royal jellies


   Skills:
 * Level 10.3 Fighting
 + Level 9.9 Short Blades
 + Level 4.1 Dodging
 - Level 14.2 Stealth
 * Level 11.7 Shields
 + Level 12.4 Spellcasting
 + Level 8.5 Hexes
 - Level 1.9 Translocations
 + Level 1.8 Transmutations
 + Level 5.2 Ice Magic
 + Level 0.2 Air Magic
 * Level 7.0 Earth Magic
 + Level 4.1 Invocations
 + Level 0.2 Evocations


You had 11 spell levels left.
You knew the following spells:

 Your Spells              Type           Power        Failure   Level  Hunger
a - Petrify               Tmut/Erth      ####....     4%          4    None
b - Ensorcelled Hibernat  Hex/Ice        #####.       1%          2    None
c - Confuse               Hex            ######..     1%          3    None
d - Blink                 Tloc           N/A          1%          2    None
e - Tukima's Dance        Hex            ######..     1%          3    None
f - Passwall              Tmut/Erth      ####......   1%          2    None
g - Silence               Hex/Air        ####......   12%         5    ###....
h - Darkness              Hex            ######....   12%         6    #####..


Dungeon Overview and Level Annotations

Branches:
Dungeon (15/15)            Temple (1/1) D:4            Lair (6/6) D:10
 Shoals (3/4) Lair:4       Spider (1/4) Lair:2          Orc (1/2) D:10
 Vaults (0/5) D:13
  Slime: Lair:5-6    Depths: D:15

Altars:
Ashenzari
Cheibriados
Dithmenos
Elyvilon
Fedhas
Gozag
Hepliaklqana
Kikubaaqudgha
Makhleb
Nemelex Xobeh
Okawaru
Qazlal
Sif Muna
Uskayaw
Vehumet
Yredelemnul
Zin
The Shining One

Shops:
D:6 ?%:!?   D:7 %   D:12 ?

Portals:
Trove: D:12 (show abyssal rune of Zot)

Annotations:
D:12 Frances
D:14 exclusion: Roxanne, Roxanne
D:15 Kirke
Lair:1 pino 1, exclusions: hydra and oklob plant
Lair:4 exclusion: hydra
Lair:6 death yaks
Orc:1 !petrify ghost, bobthegiant's ghost, journeyman GrEE


Innate Abilities, Weirdness & Mutations

You cannot wear most types of armour.
You are very stealthy in the water. (Stealth+)
You are amphibious.
You can wear up to eight rings at the same time.
You can use your tentacles to constrict eight enemies at once.
Your skin changes colour to match your surroundings (Stealth+).
Your rubbery body absorbs attacks. (AC +1, EV +1)


Message History

Dithmenos accepts your kill.
You are too berserk!
You block the faun's attack.
The merfolk impaler hits the merfolk with a trident!!
You see here a spear.
You hit the faun. Your grab misses the faun. Your squeeze misses the faun.
The faun is lightly wounded.
The merfolk impaler hits the faun with a trident.
You block the faun's attack.
You puncture the faun! You grab the faun.
The faun is heavily wounded.
Your shadow hits the faun but does no damage.
You constrict the faun.
The merfolk impaler barely misses the faun.
You puncture the faun!
The faun is almost dead.
You constrict the faun.
The merfolk hits the merfolk impaler with a spear!
The faun hits you with a quarterstaff!!
You die...

..≈≈≈.≈≈≈≈≈≈≈≈.
...≈≈.≈≈≈≈≈≈≈≈
P≈≈≈.....≈≈≈≈
PP≈≈≈≈≈.....
≈≈≈P≈≈≈≈≈.##... .
P≈≈P≈≈≈≈..##..# ≈≈
≈≈≈≈≈≈≈≈....≈.# ## ≈≈≈
≈≈≈≈≈≈≈≈≈..≈≈.## #.#.m≈≈
≈≈≈≈≈≈≈≈≈≈≈≈≈≈(##..c.m≈≈
≈≈≈≈≈≈≈≈≈≈≈≈≈≈..c≈≈≈≈≈≈≈
≈≈≈≈≈≈≈≈≈≈≈≈≈≈§§@§≈≈≈≈≈≈
≈≈≈≈≈≈≈≈≈≈(((§§§§§≈≈≈≈≈≈
≈≈≈≈≈≈≈≈≈≈≈≈§≈≈§§§≈≈≈≈≈≈
≈≈≈≈≈≈≈≈≈≈≈≈≈≈≈≈≈≈≈≈≈≈≈≈
≈≈≈≈≈≈≈≈≈≈≈≈≈≈≈≈≈≈≈≈≈≈≈≈
≈≈≈≈≈≈≈≈≈≈≈≈≈≈≈≈≈≈≈≈≈≈≈≈
≈≈≈≈≈≈≈≈≈≈≈≈≈≈≈≈≈≈≈≈≈≈≈≈
########################


You could see a merfolk impaler (confused), a merfolk (confused) and 2 fauns.

Vanquished Creatures
  A kraken (Shoals:1)
  Agnes (Spider:1)
  Louise (D:14)
  Nessos (Lair:5)
  Azrael (D:12)
  A minotaur (Lab)
  2 merfolk impalers (Shoals:1)
  Fannar (D:12)
  4 vault guards (D:13)
  2 hydras (Lair:4)
  9 two-headed ogres
  2 centaur warriors (D:14)
  Erica (Lair:2)
  3 merfolk aquamancers (Shoals:1)
  A death yak (Lair:6)
  A tengu warrior (D:13)
  Urug (Lair:2)
  Sonja (D:11)
  6 sea snakes
  An unseen horror (D:14)
  The ghost of hilaritas the Basher, a novice TrBe of Trog (D:7)
  Pikel (D:5)
  A wizard (D:10)
  4 deep elf magi
  6 ugly things
  9 fauns
  4 cyclopes (D:15)
  5 wolf spiders
  4 merfolk sirens
  4 manticores
  Joseph (D:9)
  Maurice (D:11)
  2 black mambas
  A water nymph (Shoals:1)
  6 gargoyles
  3 rime drakes
  6 spiny frogs
  5 yaktaurs (D:14)
  A demonic crawler (Lair:2)
  A freezing wraith (D:13)
  10 komodo dragons
  11 merfolk
  3 meliai (D:15)
  3 trolls
  3 wind drakes
  2 jumping spiders
  5 blink frogs (Lair:6)
  3 hornets
  5 snapping turtles
  A meliai zombie (D:14)
  16 hippogriffs
  9 redbacks (Spider:1)
  Sigmund (D:4)
  A shadow (D:13)
  A vampire (D:11)
  2 wyverns (Lair:4)
  3 tarantellas (Spider:1)
  5 fire elementals (D:12)
  25 yaks
  2 wraiths (D:15)
  5 basilisks
  4 water elementals
  2 vampire mosquitoes (D:12)
  A hungry ghost (D:11)
  A warg (D:9)
  2 soldier ants (D:10)
  6 water moccasins
  5 sky beasts
  5 hell hounds
  9 porcupines
  3 black bears
  3 ice beasts
  A necrophage (D:7)
  2 eyes of draining (D:11)
  8 orc warriors
  A phantom (D:13)
  21 wolves
  7 ogres
  A boggart (Lair:6)
  14 centaurs
  10 crocodiles
  A big kobold (D:13)
  15 bullfrogs
  5 scorpions
  10 killer bees
  21 wights
  An electric eel (Lair:4)
  3 howler monkeys
  A jelly (D:15)
  2 bullfrog zombies
  5 centaur zombies
  9 crimson imps
  5 orc priests
  5 hounds
  4 bullfrog skeletons
  2 centaur skeletons
  6 iguanas
  22 orc wizards
  10 worker ants
  A hound zombie (D:5)
  A hound skeleton (D:8)
  Robin (D:4)
  A howler monkey zombie (D:6)
  A worker ant zombie (D:6)
  7 adders
  A howler monkey skeleton (D:9)
  15 gnolls
  2 shadow imps
  2 oozes
  An adder skeleton (D:4)
  An adder zombie (D:4)
  4 worms
  A dart slug (D:2)
  5 leopard geckos
  57 orcs
  8 giant cockroaches
  12 hobgoblins
  13 jackals
  10 kobolds
  4 quokkas
  2 ball pythons
  3 bats
  5 frilled lizards
  14 goblins
  A jackal skeleton (D:4)
  2 quokka skeletons (D:8)
  2 rats
633 creatures vanquished.

Vanquished Creatures (collateral kills)
  A merfolk aquamancer (Shoals:1)
  A death yak (Lair:5)
2 creatures vanquished.

Vanquished Creatures (others)
  2 yaks (D:12)
  A dancing weapon (D:9)
  3 fungi
  A plant (Lair:1)
  6 tentacles (Shoals:1)
13 creatures vanquished.

Grand Total: 648 creatures vanquished

Notes
Turn   | Place    | Note
-------+----------+-------------------------------------------
     0 | D:1      | vuolankoinen the Octopode Enchanter began the quest for the Orb.
     0 | D:1      | Reached XP level 1. HP: 11/11 MP: 3/3
   872 | D:2      | Reached XP level 2. HP: 13/18 MP: 5/5
   901 | D:2      | Learned a level 2 spell: Ensorcelled Hibernation
  1364 | D:2      | Reached skill level 1 in Fighting
  1364 | D:2      | Reached XP level 3. HP: 21/23 MP: 6/6
  1450 | D:2      | Reached skill level 1 in Ice Magic
  1900 | D:2      | Reached XP level 4. HP: 23/28 MP: 4/7
  1905 | D:2      | Learned a level 3 spell: Confuse
  2051 | D:3      | Found a sparkling altar of Nemelex Xobeh.
  2129 | D:3      | Reached skill level 5 in Stealth
  2498 | D:3      | Found a shadowy altar of Dithmenos.
  2507 | D:3      | Became a worshipper of Dithmenos the Shadowed
  2633 | D:3      | Reached XP level 5. HP: 19/33 MP: 8/8
  3139 | D:4      | Noticed Robin
  3147 | D:4      | Noticed Sigmund
  3297 | D:4      | Reached * piety under Dithmenos
  3453 | D:4      | Killed Robin
  3571 | D:4      | Found a radiant altar of Vehumet.
  3585 | D:4      | Found a staircase to the Ecumenical Temple.
  3604 | D:4      | Reached skill level 6 in Stealth
  3604 | D:4      | Reached skill level 1 in Shields
  3604 | D:4      | Reached XP level 6. HP: 39/39 MP: 0/9
  3704 | Temple   | Entered the Ecumenical Temple
  3794 | D:4      | Found a basalt altar of Yredelemnul.
  3832 | D:4      | Killed Sigmund
  3832 | D:4      | Reached XP level 7. HP: 45/45 MP: 8/11
  3974 | D:4      | Found a hazy altar of Hepliaklqana.
  4000 | D:4      | Found a burning altar of Makhleb.
  4002 | D:4      | Noticed a cacodemon
  4006 | D:4      | Noticed a neqoxec
  4006 | D:4      | Noticed an orange demon
  4263 | D:5      | Entered Level 5 of the Dungeon
  4299 | D:5      | Reached ** piety under Dithmenos
  4621 | D:5      | Reached XP level 8. HP: 51/51 MP: 14/14
  4922 | D:5      | Noticed Pikel
  5054 | D:5      | Killed Pikel
  5054 | D:5      | Reached skill level 5 in Short Blades
  5054 | D:5      | Reached skill level 5 in Spellcasting
  5537 | D:6      | Found a sparkling altar of Nemelex Xobeh.
  5546 | D:6      | Found Ofrejef's Distillery.
  5548 | D:6      | Found Haxzeq's Magic Scroll Boutique.
  5589 | D:6      | Reached XP level 9. HP: 57/57 MP: 1/18
  5592 | D:6      | Found Okeusel's Book Shoppe.
  5599 | D:6      | Noticed a two-headed ogre
  5628 | D:6      | Killed a two-headed ogre
  5628 | D:6      | Reached skill level 5 in Shields
  5672 | D:6      | Found Gocvanui's Food Shop.
  5715 | D:6      | Found Qoeru's Magic Scroll Shop.
  5720 | D:6      | Bought a scroll of identify for 30 gold pieces
  5845 | D:6      | Reached *** piety under Dithmenos
  6253 | D:6      | Bought a scroll of magic mapping for 35 gold pieces
  6253 | D:6      | Bought a scroll of fear for 35 gold pieces
  6289 | D:6      | Bought a scroll of remove curse for 45 gold pieces
  6289 | D:6      | Bought a scroll of teleportation for 45 gold pieces
  6319 | D:6      | Bought a potion of curing for 42 gold pieces
  6336 | D:7      | Noticed hilaritas's ghost (novice TrBe)
  6706 | D:8      | Found a shattered altar of Ashenzari.
  6708 | D:8      | Found a deep blue altar of Sif Muna.
  6766 | D:8      | Reached XP level 10. HP: 64/64 MP: 20/22
  6854 | D:8      | Noticed a two-headed ogre
  6945 | D:7      | Found an opulent altar of Gozag.
  7085 | D:7      | Reached **** piety under Dithmenos
  7169 | D:7      | Reached skill level 7 in Stealth
  7566 | D:8      | Identified the Almanac of a Billion Lives
  7581 | D:8      | Learned a level 2 spell: Blink
  7627 | D:8      | Found a snail-covered altar of Cheibriados.
  8053 | D:8      | Reached skill level 1 in Translocations
  8216 | D:9      | Noticed Joseph
  8285 | D:9      | Learned a level 3 spell: Tukima's Dance
  8288 | D:9      | Learned a level 2 spell: Passwall
  8416 | D:9      | Noticed a two-headed ogre
  8984 | D:7      | Found Takliupn's Food Emporium.
  9279 | D:9      | Killed Joseph
  9391 | D:9      | Killed a two-headed ogre
  9391 | D:9      | Reached XP level 11. HP: 70/70 MP: 15/24
  9528 | D:9      | Reached skill level 10 in Spellcasting
  9720 | D:8      | Reached ***** piety under Dithmenos
  9806 | D:8      | Killed a two-headed ogre
  9831 | D:10     | Entered Level 10 of the Dungeon
  9831 | D:10     | Noticed a two-headed ogre
  9890 | D:10     | Found a staircase to the Orcish Mines.
  9960 | D:10     | Noticed a two-headed ogre
  9962 | D:10     | Killed a two-headed ogre
 10039 | D:10     | Reached skill level 5 in Fighting
 10056 | D:10     | Found a staircase to the Lair.
 10901 | D:10     | Noticed a wizard
 10975 | D:10     | Killed a wizard
 10975 | D:10     | Reached skill level 8 in Stealth
 11251 | D:11     | Noticed Maurice
 11499 | D:11     | Reached skill level 1 in Transmutations
 11530 | D:11     | Noticed a manticore
 11534 | D:11     | Killed a manticore
 11534 | D:11     | Reached skill level 1 in Earth Magic
 12070 | D:11     | Reached skill level 9 in Stealth
 12070 | D:11     | Reached skill level 5 in Hexes
 12074 | D:11     | Reached XP level 12. HP: 68/78 MP: 5/26
 12268 | D:11     | Killed Maurice
 12320 | D:11     | Noticed Sonja
 12399 | D:11     | Killed Sonja
 12855 | D:12     | Found Siahymov's Magic Scroll Emporium.
 12878 | D:12     | Reached skill level 10 in Stealth
 12992 | D:12     | Noticed Azrael
 13105 | D:12     | Noticed Fannar
 13190 | D:12     | Found a shadowy altar of Dithmenos.
 13192 | D:12     | Noticed Frances
 13256 | Orc:1    | Entered Level 1 of the Orcish Mines
 13267 | Orc:1    | Noticed bobthegiant's ghost (journeyman GrEE)
 13300 | D:10     | Killed a two-headed ogre
 13312 | Lair:1   | Entered Level 1 of the Lair of Beasts
 13321 | Lair:1   | Found a labyrinth entrance.
 13332 | Lab      | Entered a labyrinth
 13564 | Lab      | Noticed a minotaur
 13573 | Lab      | Killed a minotaur
 13606 | Lab      | Got a wavering iron ring
 13608 | Lab      | Identified the ring of Mumu Ruq {rPois Str+4} (You found it in a labyrinth)
 13868 | Lair:1   | Noticed an eight-headed hydra
 14532 | Lair:2   | Noticed Erica
 14550 | Lair:2   | Killed Erica
 14550 | Lair:2   | Reached skill level 11 in Stealth
 14830 | Lair:2   | Noticed Urug
 14838 | Lair:2   | Killed Urug
 14838 | Lair:2   | Reached XP level 13. HP: 86/86 MP: 27/27
 14915 | Lair:2   | Found a hole to the Spider Nest.
 14918 | Lair:2   | Reached ****** piety under Dithmenos
 15199 | Lair:3   | Reached skill level 12 in Stealth
 16147 | Lair:4   | Reached skill level 10 in Shields
 16455 | Lair:4   | Learned a level 5 spell: Silence
 16462 | Lair:4   | Learned a level 6 spell: Darkness
 16533 | Lair:4   | Found a staircase to the Shoals.
 16671 | Lair:4   | Reached skill level 13 in Stealth
 16952 | Lair:5   | Noticed Nessos
 16970 | Lair:5   | Killed Nessos
 17343 | Lair:6   | Entered Level 6 of the Lair of Beasts
 18330 | D:7      | Killed hilaritas's ghost
 18643 | D:13     | Reached XP level 14. HP: 95/95 MP: 22/29
 18714 | D:13     | Found a gate to the Vaults.
 18744 | D:13     | Reached skill level 14 in Stealth
 19072 | D:13     | Got a shimmering dagger
 19131 | D:13     | Identified the +11 dagger of Gin and Tonic {pierce, *Drain rElec MP+9 Int+4} (You found it on level 13 of the Dungeon)
 19181 | D:13     | Reached skill level 1 in Invocations
 19590 | D:14     | Noticed Louise
 19594 | D:14     | Killed Louise
 20292 | D:14     | Noticed Roxanne
 20600 | D:15     | Entered Level 15 of the Dungeon
 20600 | D:15     | Noticed Kirke
 20939 | D:15     | Reached skill level 5 in Earth Magic
 21615 | D:12     | Reached XP level 15. HP: 88/102 MP: 30/30
 21634 | D:12     | Killed Fannar
 21638 | D:12     | Killed Azrael
 21802 | D:12     | Found a portal to a secret trove of treasure.
 22160 | Spider:1 | Entered Level 1 of the Spider Nest
 22160 | Spider:1 | Noticed Agnes
 22221 | Spider:1 | Learned a level 4 spell: Petrify
 22315 | Spider:1 | Killed Agnes
 22573 | Shoals:1 | Entered Level 1 of the Shoals
 23017 | Shoals:1 | Reached skill level 10 in Fighting
 23086 | Shoals:1 | Noticed a kraken
 23111 | Shoals:1 | Killed a kraken
 23184 | Shoals:1 | HP: 5/103 [something/ball of steam (11)]
 24190 | Shoals:2 | Reached skill level 5 in Ice Magic
 24968 | Shoals:3 | Mangled by a faun

Skill      XL: |  1  2  3  4  5  6  7  8  9 10 11 12 13 14 15 |
---------------+----------------------------------------------+-----
Fighting       | 1 2 3 4 5 7 8 9 10 | 10.3
Short Blades   | 2 3 4 5 6 7 8 9 |  9.9
Ice Magic      | 1 2 3 5 |  5.2
Stealth        | 5 6 7 9 11 13 14 | 14.2
Shields        | 1 3 4 5 7 8 9 10 11 | 11.7
Spellcasting   | 3 4 6 8 9 10 11 12 | 12.4
Translocations | 1 |  1.9
Hexes          | 4 5 6 7 8 |  8.5
Transmutations | 1 |  1.8
Earth Magic    | 1 3 5 7 |  7.0
Invocations    | 3 4 |  4.1
Dodging        | 3 4 |  4.1
Air Magic      | |  0.2
Evocations     | |  0.2

Action                   |  1- 3 |  4- 6 |  7- 9 | 10-12 | 13-15 || total
-------------------------+-------+-------+-------+-------+-------++-------
Melee: Dagger            |    91 |   146 |   282 |   642 |   651 ||  1812
       Constrict         |    20 |    33 |    42 |    79 |    52 ||   226
       Tentacles         |    15 |    20 |    51 |   127 |   107 ||   320
Throw: Throwing net      |       |       |       |       |     1 ||     1
 Cast: Corona            |     4 |     6 |     7 |    15 |     2 ||    34
       Ensorcelled Hiber |     2 |    24 |    54 |   116 |   141 ||   337
       Confuse           |       |     4 |    21 |    70 |    62 ||   157
       Tukima's Dance    |       |       |       |    12 |       ||    12
       Passwall          |       |       |       |     8 |     2 ||    10
       Blink             |       |       |       |       |    18 ||    18
       Darkness          |       |       |       |       |     4 ||     4
       Silence           |       |       |       |       |     2 ||     2
       Petrify           |       |       |       |       |     1 ||     1
Invok: Shadow Step       |       |       |       |       |     3 ||     3
Evoke: Wand              |       |       |       |     1 |     1 ||     2
       Phial of floods   |       |       |       |       |     1 ||     1
  Use: Potion            |       |       |     1 |     4 |     4 ||     9
       Scroll            |       |       |     1 |    20 |    14 ||    35
 Stab: Sleeping          |    14 |    22 |    34 |   102 |   175 ||   347
       Distracted        |       |     2 |     2 |     3 |     7 ||    14
       Confused          |       |     1 |     5 |    17 |    19 ||    42
  Eat: Chunk             |     3 |     9 |    11 |    15 |    18 ||    56
       Bread ration      |       |       |       |     1 |       ||     1
       Royal jelly       |       |       |       |     1 |       ||     1
       Meat ration       |       |       |       |     2 |     3 ||     5
       Fruit             |       |       |       |     1 |       ||     1
Armor: Skin              |     5 |     7 |    12 |     6 |     8 ||    38
Dodge: Dodged            |    46 |    88 |   141 |   187 |   178 ||   640
Block: Shield            |       |       |     1 |   184 |   207 ||   392
